 Dungeon Crawl Stone Soup version 0.28-a0-1629-gf728b707aa (webtiles) character file.

Game seed: 17567539199925524239

731 browni3141 the Cudgeller (level 7, -3/60 HPs)
             Began as a Gnoll Chaos Knight on Jan 24, 2022.
             Was a Plaything of Xom.
             Slain by a hornet zombie (15 damage)
             ... on level 4 of the Dungeon.
             The game lasted 00:17:16 (4993 turns).

browni3141 the Cudgeller (Gnoll Chaos Knight)       Turns: 4993, Time: 00:17:16

Health: -3/60      AC:  5    Str:  9    XL:     7   Next: 73%
Magic:  11/11      EV: 12    Int: 20    God:    Xom [.*....]
Gold:   148        SH:  0    Dex:  9    Spells: 9/11 levels left

rFire   . . .      SeeInvis .   a - +0 mace (chaos)
rCold   . . .      Faith    .   (no shield)
rNeg    . . .      Spirit   .   u - +2 leather armour
rPois   .          Reflect  .   (no helmet)
rElec   .          Harm     .   (no cloak)
rCorr   .          Rampage  .   (no gloves)
Will    .....                   (no boots)
Stlth   ++........              (no amulet)
HPRegen 0.20/turn               d - +6 ring of intelligence
MPRegen 0.12/turn               (no ring)

@: no status effects
A: fangs 1, strong nose, distributed training, clumsy 1, weak 1
a: Renounce Religion


You were on level 4 of the Dungeon.
You worshipped Xom.
You were a plaything of Xom.
You visited 1 branch of the dungeon, and saw 4 of its levels.

You collected 148 gold pieces.

Inventory:

Hand Weapons
 a - a +0 mace of chaos (weapon)
 b - a +0 hand crossbow
 m - a +0 hand axe of venom
 p - a +0 great sword
Missiles
 e - 31 sling bullets
 n - 6 boomerangs
 v - 29 bolts
Armour
 u - a +2 leather armour (worn)
Jewellery
 d - a +6 ring of intelligence (left hand)
 h - a ring of see invisible
Wands
 t - a wand of charming (1)
Scrolls
 i - a scroll of enchant weapon {unknown}
 o - a scroll of vulnerability {unknown}
 q - a scroll of amnesia
 r - a scroll of silence {unknown}
Potions
 c - a potion of mutation {unknown}
 f - a potion of lignification {unknown}
 g - a potion of degeneration
 j - a potion of heal wounds
 s - a potion of berserk rage {unknown}


   Skills:
 + Level 7.1 Fighting
 + Level 2.6 Short Blades
 + Level 2.6 Long Blades
 + Level 2.6 Axes
 + Level 7.1 Maces & Flails
 + Level 2.6 Polearms
 + Level 2.6 Staves
 + Level 2.6 Slings
 + Level 2.6 Bows
 + Level 2.6 Crossbows
 + Level 2.6 Throwing
 + Level 5.3 Armour
 + Level 3.7 Dodging
 + Level 2.6 Stealth
 + Level 2.6 Shields
 + Level 2.6 Unarmed Combat
 + Level 2.6 Spellcasting
 + Level 2.1 Conjurations
 + Level 2.1 Hexes
 + Level 2.1 Summonings
 + Level 2.1 Necromancy
 + Level 2.1 Translocations
 + Level 2.1 Transmutations
 + Level 2.1 Fire Magic
 + Level 2.1 Ice Magic
 + Level 2.1 Air Magic
 + Level 2.1 Earth Magic
 + Level 2.1 Poison Magic
 + Level 3.0 Invocations
 + Level 2.6 Evocations


You had 9 spell levels left.
You knew the following spells:

 Your Spells              Type           Power      Damage    Failure   Level
a - Sting                 Tmut/Pois      44%        1d5       8%          1
b - Magic Dart            Conj           44%        1d5       8%          1

Your spell library contained the following spells:

 Spells                   Type           Power      Damage    Failure   Level
 Sandblast                Erth           22%        2d7       8%          1
 Passwall                 Tmut/Erth      9%         N/A       12%         2
 Poisonous Vapours        Pois/Air       22%        N/A       12%         2
 Searing Ray              Conj           22%        2d5       12%         2
 Inner Flame              Hex/Fire       11%        N/A       24%         3
 Stone Arrow              Conj/Erth      22%        3d8       24%         3
 Cause Fear               Hex            5%         N/A       61%         4
 Fulminant Prism          Conj/Hex       5%         3d7       61%         4
 Olgreb's Toxic Radiance  Pois           11%        N/A       61%         4
 Discord                  Hex            5%         N/A       100%        8


Dungeon Overview and Level Annotations

Branches:
Dungeon (4/15)             Temple (0/1) D:4

Altars:
Hepliaklqana
Sif Muna
Wu Jian
Xom

Annotations:
D:3 1 runed translucent door, Crazy Yiuf


Innate Abilities, Weirdness & Mutations

You have very sharp teeth.
Your uncanny sense of smell can sniff out nearby items.
Your experience applies equally to all skills.
You are clumsy. (Dex -2)
You are weak. (Str -2)


Message History

There is an open door here.
You feel a little less mighty now.
There is a broken door here.
A hornet zombie comes into view.
Xom guffaws.
The ground around you becomes liquefied!
You are now a special plaything of Xom.
The hornet zombie hits you.
You closely miss the hornet zombie. The hornet zombie hits you.
You hit the hornet zombie.
The hornet zombie seems to grow stronger.
The hornet zombie is lightly damaged.
The hornet zombie closely misses you.
Press: ? - help, v - describe, . - travel
Here: a hornet zombie (lightly damaged, strong)
The floor.
You hit the hornet zombie.
The hornet zombie is lightly damaged.
The hornet zombie barely misses you. The hornet zombie hits you!
You barely miss the hornet zombie.
The hornet zombie is lightly damaged.
The hornet zombie hits you.
You closely miss the hornet zombie.
You bite the hornet zombie, but do no damage.
The hornet zombie is lightly damaged.
The hornet zombie hits you!
You are too injured to fight recklessly!
You are too injured to fight recklessly!
You are too injured to fight recklessly!
You are too injured to fight recklessly!
Xom alters the dungeon around you.
You are now a plaything of Xom.
The hornet zombie closely misses you. The hornet zombie misses you.
The hornet zombie hits you!
* * * LOW HITPOINT WARNING * * *
The ground is no longer liquid beneath you.
The hornet zombie closely misses you. The hornet zombie hits you!
You die...
Xom titters!

#.#######..#
#..........#
∆
#########.##
#.# #.###
#.#_. #.#.#
####.#.#
#.Z@.#.#
#.####.#
#......#
########


You could see a hornet zombie (strong).

Vanquished Creatures
  Menkaure (D:4)
  An ogre (D:4)
  A scorpion (D:4)
  3 wights
  A centaur zombie (D:3)
  2 scorpion zombies (D:3)
  Terence (D:2)
  An iguana (D:3)
  An orc wizard (D:4)
  Natasha (thrice) (D:2)
  A hound skeleton (D:4)
  2 adders
  An adder skeleton (D:3)
  3 worms
  3 dart slugs
  11 orcs
  7 ball pythons
  6 bats
  6 endoplasms
  2 giant cockroaches
  5 goblins
  3 hobgoblins (D:1)
  3 jackals (D:2)
  3 quokkas
  5 frilled lizards
  9 kobolds
  3 rats
88 creatures vanquished.

Vanquished Creatures (collateral kills)
  2 orcs (D:4)
  An endoplasm (D:1)
3 creatures vanquished.

Vanquished Creatures (others)
  An ogre (D:4)
  2 orcs (D:4)
3 creatures vanquished.

Grand Total: 94 creatures vanquished

Notes
Turn   | Place    | Note
-------+----------+-------------------------------------------
     0 | D:1      | browni3141 the Gnoll Chaos Knight began the quest for the
                  | Orb.
     0 | D:1      | Reached XP level 1. HP: 23/23 MP: 1/1
     6 | D:1      | Noticed a six-headed hydra
     6 | D:1      | Noticed a black mamba
     7 | D:1      | Noticed a swamp worm
     7 | D:1      | Noticed a polar bear
   126 | D:1      | Reached XP level 2. HP: 29/29 MP: 2/2
   442 | D:1      | XOM: noise
   555 | D:1      | Learned a level 1 spell: Sting
   623 | D:1      | Reached XP level 3. HP: 35/35 MP: 3/3
   698 | D:1      | Learned a level 1 spell: Magic Dart
   858 | D:1      | Found a faded altar of an unknown god.
   980 | D:1      | XOM: cloud trail
  1254 | D:1      | XOM is BORED!
  1325 | D:2      | Noticed Natasha
  1333 | D:2      | Killed Natasha
  1334 | D:2      | Reached skill level 1 in Short Blades
  1334 | D:2      | Reached skill level 1 in Long Blades
  1334 | D:2      | Reached skill level 1 in Axes
  1334 | D:2      | Reached skill level 1 in Polearms
  1334 | D:2      | Reached skill level 1 in Staves
  1334 | D:2      | Reached skill level 1 in Slings
  1334 | D:2      | Reached skill level 1 in Bows
  1334 | D:2      | Reached skill level 1 in Crossbows
  1334 | D:2      | Reached skill level 1 in Throwing
  1334 | D:2      | Reached skill level 1 in Stealth
  1334 | D:2      | Reached skill level 1 in Shields
  1334 | D:2      | Reached skill level 1 in Unarmed Combat
  1334 | D:2      | Reached skill level 1 in Spellcasting
  1334 | D:2      | Reached skill level 1 in Invocations
  1334 | D:2      | Reached skill level 1 in Evocations
  1334 | D:2      | Reached XP level 4. HP: 32/41 MP: 0/5
  1418 | D:2      | Noticed Natasha
  1428 | D:2      | Killed Natasha
  1429 | D:2      | Reached skill level 1 in Conjurations
  1429 | D:2      | Reached skill level 1 in Hexes
  1429 | D:2      | Reached skill level 1 in Summonings
  1429 | D:2      | Reached skill level 1 in Necromancy
  1429 | D:2      | Reached skill level 1 in Translocations
  1429 | D:2      | Reached skill level 1 in Transmutations
  1429 | D:2      | Reached skill level 1 in Fire Magic
  1429 | D:2      | Reached skill level 1 in Ice Magic
  1429 | D:2      | Reached skill level 1 in Air Magic
  1429 | D:2      | Reached skill level 1 in Earth Magic
  1429 | D:2      | Reached skill level 1 in Poison Magic
  1622 | D:2      | Noticed Terence
  1637 | D:2      | Killed Terence
  1638 | D:2      | Reached XP level 5. HP: 7/47 MP: 2/7
  1658 | D:2      | Noticed Natasha
  1684 | D:2      | Killed Natasha
  2241 | D:2      | XOM: silly message
  2361 | D:2      | XOM: silly message
  2517 | D:3      | Reached XP level 6. HP: 37/53 MP: 8/8
  2549 | D:3      | XOM: noise
  2722 | D:3      | XOM: give mutations
  2722 | D:3      | Gained mutation: You are weak. (Str -2) [Xom's mischief]
  2722 | D:3      | Gained mutation: You are clumsy. (Dex -2) [Xom's mischief]
  2766 | D:3      | Found a shimmering blue altar of Sif Muna.
  2822 | D:3      | XOM: silly message
  2859 | D:3      | XOM: god gift: scroll labelled VEACOU HOIMPO {god gift}
  2955 | D:3      | Found a runed translucent door.
  2956 | D:3      | Noticed Crazy Yiuf
  3002 | D:3      | XOM: divination: detect creatures
  3062 | D:3      | Found an ornate altar of the Wu Jian Council.
  3066 | D:3      | XOM: potion effect (brilliance)
  3079 | D:3      | Reached skill level 5 in Armour
  3102 | D:3      | XOM: enchant monster (bad)
  3137 | D:3      | XOM: smoke on damage
  3194 | D:3      | Found a hazy altar of Hepliaklqana.
  3687 | D:4      | Noticed a water moccasin
  3694 | D:4      | XOM: blink monster(s)
  3700 | D:4      | XOM: summons 1 hostile shadow creature
  3702 | D:4      | XOM: 3-stop teleportation journey
  3774 | D:4      | XOM: silly message
  4108 | D:4      | Found a staircase to the Ecumenical Temple.
  4185 | D:4      | Reached XP level 7. HP: 39/59 MP: 10/10
  4231 | D:4      | XOM: noise
  4287 | D:3      | XOM: cast spell 'Summon Small Mammal'
  4598 | D:4      | XOM: potion effect (curing)
  4872 | D:4      | Noticed Menkaure
  4879 | D:4      | Killed Menkaure
  4980 | D:4      | XOM: cast spell 'Leda's Liquefaction'
  4986 | D:4      | XOM: scenery: create altars
  4993 | D:4      | Slain by a hornet zombie

Illustrated notes

Levels and vault maps discovered:
D:1:      onia_arrival_zoo_common, layout_loops_corners,
          chequers_ecumenical_altar_grove, serial_rivers,
          chequers_serial_rivers_micro_e, chequers_serial_rivers_micro_d,
          chequers_serial_rivers_micro_b, chequers_serial_rivers_micro_c,
          chequers_serial_rivers_micro_e
D:2:      layout_basic, uniq_natasha, uniq_terence
D:3:      layout_rooms, nicolae_wu_jian_wuxing_cycle,
          nzn_hepliaklqana_mist_gate, lemuel_doored_altar,
          serial_park_tiny_pond, uniq_crazy_yiuf_cottage
D:4:      layout_basic, minmay_temple_entry_junction, uniq_menkaure

Skill      XL: |  1  2  3  4  5  6  7 |
---------------+----------------------+-----
Short Blades   | 1 2 |  2.6
Long Blades    | 1 2 |  2.6
Axes           | 1 2 |  2.6
Polearms       | 1 2 |  2.6
Staves         | 1 2 |  2.6
Slings         | 1 2 |  2.6
Bows           | 1 2 |  2.6
Crossbows      | 1 2 |  2.6
Throwing       | 1 2 |  2.6
Stealth        | 1 2 |  2.6
Shields        | 1 2 |  2.6
Unarmed Combat | 1 2 |  2.6
Spellcasting   | 1 2 |  2.6
Invocations    | 1 2 3 |  3.0
Evocations     | 1 2 |  2.6
Conjurations   | 1 2 |  2.1
Hexes          | 1 2 |  2.1
Summonings     | 1 2 |  2.1
Necromancy     | 1 2 |  2.1
Translocations | 1 2 |  2.1
Transmutations | 1 2 |  2.1
Fire Magic     | 1 2 |  2.1
Ice Magic      | 1 2 |  2.1
Air Magic      | 1 2 |  2.1
Earth Magic    | 1 2 |  2.1
Poison Magic   | 1 2 |  2.1
Dodging        | 3 |  3.7
Armour         | 5 |  5.3
Fighting       | 7 |  7.1
Maces & Flails | 7 |  7.1

Action                   |  1- 3 |  4- 6 |  7- 9 || total
-------------------------+-------+-------+-------++-------
Melee: Mace              |    70 |   221 |    39 ||   330
       Punch             |     2 |    12 |       ||    14
       Bite              |     6 |    27 |     6 ||    39
 Cast: Sting             |     4 |    18 |     2 ||    24
       Magic Dart        |     3 |    36 |       ||    39
Evoke: Wand              |       |    10 |     1 ||    11
  Use: Scroll            |       |     5 |       ||     5
       Potion            |       |     2 |     1 ||     3
 Stab: Sleeping          |     2 |       |       ||     2
       Petrified         |       |     2 |       ||     2
       Petrifying        |       |     1 |       ||     1
Armor: Leather armour    |    25 |    56 |     9 ||    90
Dodge: Dodged            |    55 |   128 |    20 ||   203

Table legend: (Time is in decaauts)
 A = Elapsed time spent in this place.
 B = Non-inter-level travel time spent in this place.
 C = Inter-level travel time spent in this place.
 D = Time resting spent in this place.
 E = Time spent auto-exploring this place.
 F = Levels seen in this place.
 G = Mean time per level.
                   A        B        C        D        E       F      G
               +--------+--------+--------+--------+--------+-----+--------+
         Total |   5017 |   4890 |    127 |    522 |   2881 |   4 | 1254.2 |
       Dungeon |   5017 |   4890 |    127 |    522 |   2881 |   4 | 1254.2 |
               +--------+--------+--------+--------+--------+-----+--------+

Top non-repeatable levels by time:
     D:1: 1330 daAuts
     D:2: 1311 daAuts
     D:3: 1196 daAuts
     D:4: 1178 daAuts
